 Dungeon Crawl Stone Soup version 0.30-a0-777-ga9a30cbeda (webtiles) character file.

Game seed: 1280369663941011993

365 mopl the Cudgeller (level 7, -2/60 HPs)
             Began as a Meteoran Berserker on Feb 13, 2023.
             Was a Believer of Trog.
             Killed from afar by a white imp (8 damage)
             ... with a puff of frost
             ... summoned by Eustachio
             ... on level 4 of the Dungeon.
             The game lasted 00:05:52 (1457 turns).

mopl the Cudgeller (Meteoran Berserker)             Turns: 1457, Time: 00:05:52

Health: -2/60      AC:  3    Str: 20    XL:     7   Next: 20%
Magic:  0/8        EV: 13    Int:  8    God:    Trog [**....]
Gold:   129        SH:  0    Dex: 15    Spells: 6/6 levels left

rFire   . . .      SeeInvis .    a - +0 mace
rCold   . . .      Faith    .    (no shield)
rNeg    . . .      Spirit   +    b - +0 animal skin
rPois   .          Reflect  .    (no helmet)
rElec   .          Harm     .    p - +0 cloak
rCorr   .          Rampage  .    (no gloves)
Will    .....                    (no boots)
Stlth   +                        l - amulet of guardian spirit
HPRegen 0.30/turn                (no ring)
MPRegen 0.11/turn                (no ring)

@: on berserk cooldown, slowed, glowing, very slow
A: sense surroundings 1, otherworldly, glowing, explore regen
a: Renounce Religion, Berserk, Trog's Hand


You were on level 4 of the Dungeon.
You worshipped Trog.
Trog was pleased with you.
You visited 1 branch of the dungeon, and saw 4 of its levels.

You collected 129 gold pieces.

Inventory:

Hand Weapons
 a - a +0 mace (weapon)
 o - a +2 quarterstaff of chaos
Missiles
 i - 8 poisoned darts (quivered)
Armour
 b - a +0 animal skin (worn)
 p - a +0 cloak (worn)
Jewellery
 l - an amulet of guardian spirit (around neck)
Scrolls
 c - 2 scrolls of fear {unknown}
 d - 3 scrolls of blinking {unknown}
 f - a scroll of amnesia {unknown}
 g - 5 scrolls of identify {unknown}
 h - 3 scrolls of teleportation {unknown}
 k - a scroll of enchant armour {unknown}
 m - a scroll of torment {unknown}
Potions
 e - a potion of might {unknown}
 j - a potion of resistance {unknown}
 n - 2 potions of degeneration {unknown}
 q - a potion of invisibility {unknown}


   Skills:
 + Level 4.6 Fighting
 * Level 6.7 Maces & Flails
 + Level 4.2 Armour
 + Level 4.2 Dodging


You had 6 spell levels left.
You didn't know any spells.
Your spell library was empty.

Dungeon Overview and Level Annotations

Branches:
Dungeon (4/15) Zot: 868
 Temple: D:4-7

Altars:
Ashenzari
The Shining One

Annotations:
D:4 Eustachio


Innate Abilities, Weirdness & Mutations

You passively map a small area around you.
You are easily found by Zot.
You glow in the dark.
You regain HP and MP as you explore.


Message History

You hit Eustachio but do no damage.
Eustachio is severely wounded.
The white imp gestures at you. The puff of frost hits you!
Eustachio zaps a wand.
The puff of flame hits you! The white imp hits you. The white imp freezes you.
* * * LOW HITPOINT WARNING * * *
You sock Eustachio!
Eustachio is almost dead.
Eustachio casts a spell.
The white imp closely misses you. Eustachio misses you.
You barely miss Eustachio.
Eustachio is almost dead.
The bat hits you but does no damage. The white imp closely misses you.
Eustachio casts a spell.
The bat hits you but does no damage. The white imp barely misses you.
You miss Eustachio.
Eustachio is almost dead.
The bat barely misses you. The bat hits you.
* * * LOW HITPOINT WARNING * * *
Eustachio mumbles some strange words.
Eustachio blinks!
The white imp gestures at you. The puff of frost hits you.
* * * LOW HITPOINT WARNING * * *
The rat bites you.
* * * LOW HITPOINT WARNING * * *
Unknown command.
The bat barely misses you. x2; The white imp hits you.
* * * LOW HITPOINT WARNING * * *
The white imp freezes you.
* * * LOW HITPOINT WARNING * * *
The rat bites you but does no damage.
Eustachio casts a spell.
You aren't carrying any items that you can evoke.
Unknown command.
The rat attacks as you move away! The rat bites you.
The bat disappears in a puff of smoke! x2; The bat hits you but does no damage. x2
The white imp gestures at you. The puff of frost hits you!
You die...

##+ * * * .....,*
*###### * ......*
*...... ,
......#######......
,
.......<...........
,
######....r........
, , ,+......§......
, , +, *
#....@..b..... *
*##* #....§@.......
, .. ##..5b##......
####.##...r# ......
..<........# ...$..
, , , , #.........#
,..... , , ,
#.........# ..... ,
* , #.........# * *
#,, * ...........#
**, ###.......## ,


You could see Eustachio, a white imp (summoned), 2 bats and 2 rats.

Vanquished Creatures
  Sigmund (D:3)
  Crazy Yiuf (D:3)
  Jessica (D:3)
  3 gnolls (D:3)
  6 adders
  A worm (D:2)
  2 dart slugs (D:1)
  6 ball pythons
  4 bats
  3 endoplasms
  2 giant cockroaches
  6 goblins
  3 hobgoblins (D:2)
  4 jackals
  8 kobolds
  3 quokkas
  3 frilled lizards
  5 rats
62 creatures vanquished.

Notes
Turn   | Place    | Note
-------+----------+-------------------------------------------
     0 | D:1      | mopl the Meteoran Berserker began the quest for the Orb.
     0 | D:1      | Reached XP level 1. HP: 19/19 MP: 2/2
    27 | D:1      | Reached XP level 2. HP: 14/26 MP: 3/3
    66 | D:1      | Found a faded altar of an unknown god.
    66 | D:1      | Noticed a reaper
   102 | D:1      | Reached XP level 3. HP: 27/31 MP: 4/4
   202 | D:1      | Reached ** piety under Trog
   232 | D:1      | Reached skill level 3 in Armour
   421 | D:2      | Reached skill level 3 in Dodging
   421 | D:2      | Reached XP level 4. HP: 39/39 MP: 5/5
   689 | D:2      | Reached skill level 5 in Maces & Flails
   872 | D:3      | Reached XP level 5. HP: 38/46 MP: 6/6
   880 | D:3      | Found a broken altar of Ashenzari.
   933 | D:3      | Noticed Sigmund
   945 | D:3      | Killed Sigmund
   946 | D:3      | Reached skill level 4 in Fighting
   946 | D:3      | Reached skill level 6 in Maces & Flails
   946 | D:3      | Reached skill level 4 in Armour
   946 | D:3      | Reached skill level 4 in Dodging
   946 | D:3      | Reached XP level 6. HP: 44/53 MP: 7/7
  1009 | D:3      | Noticed Jessica
  1014 | D:3      | Killed Jessica
  1075 | D:3      | Reached XP level 7. HP: 60/60 MP: 5/8
  1356 | D:3      | Found a glowing golden altar of the Shining One.
  1388 | D:3      | Found a runed translucent door.
  1389 | D:3      | Noticed Crazy Yiuf
  1395 | D:3      | Killed Crazy Yiuf
  1438 | D:4      | Noticed Eustachio
  1457 | D:4      | Killed from afar by a white imp

Illustrated notes

Levels and vault maps discovered:
D:1:      minmay_arrival_arboretum_small, layout_basic,
          dreamdust_ecumenical_altar_sealed_demon
D:2:      layout_basic
D:3:      layout_basic, nicolae_tso_swordbearing_angel, ashenzari_altar_1,
          minmay_misc_feat_hallway, minmay_misc_feat_four_crosses, uniq_jessica,
          uniq_sigmund, uniq_crazy_yiuf_cottage
D:4:      layout_basic, uniq_blork_the_orc, uniq_eustachio

Skill      XL: |  1  2  3  4  5 |
---------------+----------------+-----
Armour         | 3 4 |  4.2
Dodging        | 3 4 |  4.2
Maces & Flails | 5 6 |  6.7
Fighting       | 4 |  4.6

Action                     |  1- 3 |  4- 6 |  7- 9 || total
---------------------------+-------+-------+-------++-------
  Melee: Mace              |    82 |   102 |    28 ||   212
         Punch             |       |     1 |       ||     1
 Invoke: Berserk           |       |     3 |     2 ||     5
 Armour: Animal skin       |    26 |    15 |     7 ||    48
  Dodge: Dodged            |    48 |    66 |    22 ||   136

Table legend: (Time is in decaauts)
 A = Elapsed time spent in this place.
 B = Non-inter-level travel time spent in this place.
 C = Inter-level travel time spent in this place.
 D = Time resting spent in this place.
 E = Time spent auto-exploring this place.
 F = Levels seen in this place.
 G = Mean time per level.
                   A        B        C        D        E       F      G
               +--------+--------+--------+--------+--------+-----+--------+
         Total |   1529 |   1469 |     60 |      0 |      0 |   4 |  382.2 |
       Dungeon |   1529 |   1469 |     60 |      0 |      0 |   4 |  382.2 |
               +--------+--------+--------+--------+--------+-----+--------+

Top non-repeatable levels by time:
     D:3: 595 daAuts
     D:2: 562 daAuts
     D:1: 328 daAuts
     D:4: 43 daAuts
